 Dungeon Crawl Stone Soup version 0.30-a0-782-ge64f9170bb (console) character file.

Game seed: 2935369859629091037

58 utis the Covered (level 4, -1/26 HPs)
             Began as a Tengu Wanderer on Feb 25, 2023.
             Slain by a gnoll
             ... wielding a +0 flail
              (8 damage)
             ... on level 2 of the Dungeon.
             The game lasted 00:05:48 (1490 turns).

utis the Covered (Tengu Wanderer)                   Turns: 1490, Time: 00:05:48

Health: -1/26      AC:  5    Str: 15    XL:     4   Next: 2%
Magic:  5/5        EV: 11    Int: 13    God:
Gold:   120        SH:  0    Dex: 12    Spells: 3/3 levels left

rFire   . . .      SeeInvis .    a - +0 halberd
rCold   . . .      Faith    .    (shield currently unavailable)
rNeg    . . .      Spirit   .    c - +0 ring mail
rPois   .          Reflect  .    (helmet restricted)
rElec   .          Harm     .    (no cloak)
rCorr   .          Rampage  .    (no gloves)
Will    .....                    (boots unavailable)
Stlth   +                        (no amulet)
HPRegen 0.24/turn                (no ring)
MPRegen 0.09/turn                (no ring)

@: no status effects
A: beak, talons 3
a: no special abilities


You were on level 2 of the Dungeon.
You visited 1 branch of the dungeon, and saw 2 of its levels.

You collected 120 gold pieces.

Inventory:

Hand Weapons
 a - a +0 halberd (weapon)
 o - a +2 spear
Missiles
 h - 12 stones (quivered)
Armour
 c - a +0 ring mail (worn)
Magical Staves
 k - a staff of cold
Jewellery
 m - a ring of resist corrosion
 v - a ring of see invisible
Scrolls
 b - a scroll of fog
 d - a scroll of silence {!r}
 e - 4 scrolls of teleportation {unknown}
 j - a scroll of blinking {unknown}
 n - 2 scrolls of magic mapping {unknown}
Potions
 f - 2 potions of curing {unknown}
 g - 2 potions of magic {unknown}
 i - a potion of mutation {unknown}
 l - a potion of might {unknown}


   Skills:
 + Level 2.2 Fighting
 + Level 4.0 Polearms
 - Level 4.3 Armour
 + Level 2.0 Dodging
 - Level 2.1 Unarmed Combat


You had 3 spell levels left.
You didn't know any spells.
Your spell library contained the following spells:

 Spells                   Type           Power      Damage    Failure   Level
 Beastly Appendage        Tmut           0%         N/A       50%         1
 Magic Dart               Conj           0%         1d3       50%         1
 Call Imp                 Summ           0%         N/A       65%         2
 Wereblood                Tmut           0%         N/A       65%         2
 Mephitic Cloud           Conj/Pois/Air  0%         N/A       86%         3
 Spider Form              Tmut/Pois      0%         N/A       86%         3


Dungeon Overview and Level Annotations

Branches:
Dungeon (2/15)

Altars:


Innate Abilities, Weirdness & Mutations

You have a beak for a mouth.
You have claws for feet.


Message History

A gnoll comes into view. It is wielding a +0 flail.
The gnoll shouts!
a - a +0 halberd (weapon)
A gnoll comes into view. It is wielding a +0 halberd.
The gnoll shouts!
The gnoll throws a throwing net.
The throwing net hits you.
You become entangled in the net!
You see here a throwing net {=f}.
You struggle against the net.
You struggle against the net.
You struggle against the net.
The gnoll hits you from afar with a +0 halberd!
Ouch! That really hurt!
* * * LOW HITPOINT WARNING * * *
The gnoll hits you with a +0 flail.
* * * LOW HITPOINT WARNING * * *
You rip the net and break free!
The gnoll hits you from afar with a +0 halberd.
* * * LOW HITPOINT WARNING * * *
The gnoll barely misses you. The gnoll attacks as you move away!
The gnoll hits you with a +0 flail.
* * * LOW HITPOINT WARNING * * *
There is a stone staircase leading up, spattered with blood here.
The gnoll attacks as you move away! The gnoll hits you with a +0 flail.
* * * LOW HITPOINT WARNING * * *
The gnoll attacks as you move away! The gnoll barely misses you.
The gnoll attacks as you move away! The gnoll hits you with a +0 flail.
* * * LOW HITPOINT WARNING * * *
The gnoll attacks as you move away! The gnoll hits you with a +0 flail.
* * * LOW HITPOINT WARNING * * *
There is a stone staircase leading down here.
Reach: a) +0 halberd
Press: ? - help, Dir - move target, f - gnoll
Aim: a gnoll, wielding a +0 flail (about 44% to evade your +0 halberd)
Okay, then.
Unknown command.
The gnoll attacks as you move away! The gnoll closely misses you.
The gnoll attacks as you move away! The gnoll misses you.
The gnoll attacks as you move away! The gnoll hits you with a +0 flail!
You die...

░.░ ░░.░░░.░░░.░░.░░.░ ░.░
░░.░░ ░░.░░.░░.░░.░
░░.░░░.░░ ░░>░.......░
░....░.░ ░.░░░░.░░░░
░░.░.░.░░ ░░.░░░░.░
░░░.░░g░░ ░░.......░ ░░
░.░░░.░░░..░░░░░░░ ░.
░.....g....░ ░░░░░░.
░░░░░░░Q.░░░ ░...... ░...░
░.░░..< ... ░..)░ ░.░░.░.
░... ░...░ ░....░. ░...░
░...░ ░..░.░. .....
░...░░░░░░░░.÷..÷. ......
░.<.......░░░...░░
.€....░░░░░...░░░░░.░░░...░░
...........................░


You could see 2 gnolls.

Vanquished Creatures
  A gnoll (D:2)
  An adder (D:2)
  2 dart slugs (D:1)
  A bat (D:2)
  2 endoplasms
  3 giant cockroaches
  2 goblins
  A hobgoblin (D:1)
  7 jackals
  A quokka (D:2)
  3 frilled lizards (D:1)
  3 kobolds
  5 rats
32 creatures vanquished.

Notes
Turn   | Place    | Note
-------+----------+-------------------------------------------
     0 | D:1      | utis the Tengu Wanderer began the quest for the Orb.
     0 | D:1      | utis set off with the following items: a +2 spear, a scroll
                  | of fog, a +0 ring mail, a scroll of silence {!r}.
     0 | D:1      | Reached XP level 1. HP: 12/12 MP: 2/2
   275 | D:1      | Reached XP level 2. HP: 12/16 MP: 3/3
   291 | D:1      | Reached skill level 1 in Dodging
   775 | D:2      | Reached XP level 3. HP: 20/21 MP: 4/4
  1347 | D:2      | HP: 1/21 [gnoll/+0 halberd (1)]
  1350 | D:2      | Reached XP level 4. HP: 2/26 MP: 5/5
  1490 | D:2      | Slain by a gnoll

Illustrated notes

Levels and vault maps discovered:
D:1:      lightli_arrival_lavapool, layout_loops_cross, serial_glass,
          glass_columns_c, glass_columns_c, minmay_strange_pillars,
          minmay_strange_pillars, feat_on_display, minmay_misc_feat_diagonals,
          minmay_tromino_v2
D:2:      layout_loops_cross

Skill      XL: |  1  2  3 |
---------------+----------+-----
Dodging        | 1 2 |  2.0
Fighting       | 2 |  2.2
Polearms       | 4 |  4.0
Armour         | |  4.3
Unarmed Combat | |  2.1

Action                     |  1- 3 |  4- 6 || total
---------------------------+-------+-------++-------
  Melee: Spear             |    97 |       ||    97
         Kick              |    16 |       ||    16
         Peck              |     9 |       ||     9
  Throw: Stone             |     3 |       ||     3
 Armour: Ring mail         |    22 |       ||    22
  Dodge: Dodged            |    41 |     4 ||    45

Table legend: (Time is in decaauts)
 A = Elapsed time spent in this place.
 B = Non-inter-level travel time spent in this place.
 C = Inter-level travel time spent in this place.
 D = Time resting spent in this place.
 E = Time spent auto-exploring this place.
 F = Levels seen in this place.
 G = Mean time per level.
                   A        B        C        D        E       F      G
               +--------+--------+--------+--------+--------+-----+--------+
         Total |   1481 |   1467 |     14 |    282 |    866 |   2 |  740.5 |
       Dungeon |   1481 |   1467 |     14 |    282 |    866 |   2 |  740.5 |
               +--------+--------+--------+--------+--------+-----+--------+

Top non-repeatable levels by time:
     D:1: 767 daAuts
     D:2: 714 daAuts
